 Dungeon Crawl Stone Soup version 0.22.1-1-ga44c0e5 (webtiles) character file.

64181 dvd the Archer (level 14, -7/124 HPs)
             Began as a Centaur Arcane Marksman on Oct 17, 2018.
             Was an Elder of Okawaru.
             Mangled by an orc warrior
             ... wielding a cursed -1 mace
              (12 damage)
             ... on level 2 of the Orcish Mines.
             The game lasted 01:29:18 (23246 turns).

dvd the Archer (Centaur Arcane Marksman)           Turns: 23246, Time: 01:29:19

Health: -7/124     AC: 19    Str: 15    XL:     14   Next: 70%
Magic:  21/22      EV: 16    Int: 18    God:    Okawaru [****..]
Gold:   1370       SH:  0    Dex: 15    Spells: 9/24 levels left

rFire    . . .     SeeInvis .   a - +7 rapier of Uzorr {pierce, rElec rC+}
rCold    + + .     Gourm    .   (no shield)
rNeg     . . .     Faith    .   C - +1 robe of the Harp {MR+ Regen+}
rPois    .         Spirit   .   L - +2 hat
rElec    +         Reflect  .   W - +2 cloak {MR+}
rCorr    .         Harm     .   r - +2 pair of gloves
MR       ++++.                  S - +1 centaur barding {rC+}
Stlth    ++........             m - amulet of regeneration
HPRegen  1.10/turn              R - ring of protection from magic
MPRegen  0.18/turn              d - ring of Music {Int+5 Dex+3 Stlth-}

@: heroism, studying Axes, very quick
A: large, hooves 3, deformed body, speed 2, tough skin 3
a: Heroism, Renounce Religion


You were on level 2 of the Orcish Mines.
You worshipped Okawaru.
Okawaru was greatly pleased with you.
You were not hungry.

You visited 3 branches of the dungeon, and saw 20 of its levels.

You collected 1541 gold pieces.
You spent 171 gold pieces at shops.

Inventory:

Hand Weapons
 a - the +7 rapier of Uzorr (weapon) {pierce, rElec rC+}
   (You found it on level 5 of the Dungeon)

   It inflicts extra damage upon your enemies.
   It protects you from cold.
   It insulates you from electricity.
 b - a +3 shortbow
 c - a +1 short sword of holy wrath
 n - a +7 quick blade
 D - a +2 falchion of freezing
 H - the +2 spear "Igoytwergh" {pain, rF+, unknown}
   (You found it on level 12 of the Dungeon)

   In the hands of one skilled in necromantic magic, it inflicts extra damage on
   living creatures.
   It protects you from fire.
 U - a +0 vampiric executioner's axe
Missiles
 t - 191 arrows
 K - 5 tomahawks of returning (quivered)
Armour
 r - a +2 pair of gloves (worn)
 A - the +0 robe of the Yeti {rElec rCorr Str-4 Stlth+}
   (You found it on level 6 of the Lair of Beasts)

   It affects your strength (-4).
   It insulates you from electricity.
   It provides partial protection from all sources of acid and corrosion.
   It makes you more stealthy.
 C - the +1 robe of the Harp (worn) {MR+ Regen+}
   (You bought it in a shop on level 6 of the Dungeon)

   It affects your resistance to hostile enchantments.
   It increases your rate of regeneration.
 F - a +2 leather armour of fire resistance
 L - a +2 hat (worn)
 S - a +1 centaur barding of cold resistance (worn)
 T - the +6 scale mail of Rotation {rC+ Regen+}
   (You found it on level 3 of the Lair of Beasts)

   It protects you from cold.
   It increases your rate of regeneration.
 W - a +2 cloak of magic resistance (worn)
Jewellery
 d - the ring of Music (right hand) {Int+5 Dex+3 Stlth-}
   (You found it on level 11 of the Dungeon)

   [ring of attention]

   It affects your intelligence (+5).
   It affects your dexterity (+3).
   It makes you less stealthy.
 m - an amulet of regeneration (around neck)
 x - an uncursed ring of magical power
 y - a +4 ring of intelligence
 Q - an uncursed ring of fire
 R - a ring of protection from magic (left hand)
Wands
 g - a wand of iceblast (12)
 j - a wand of enslavement (13)
 p - a wand of clouds (7)
 B - a wand of polymorph (7)
 G - a wand of digging (8)
 J - a wand of acid (19)
 P - a wand of random effects (13)
Scrolls
 h - 8 scrolls of remove curse
 i - 18 scrolls of identify
 o - 5 scrolls of teleportation
 u - 3 scrolls of blinking
 v - a scroll of fear
 E - 2 scrolls of fog
 M - 3 scrolls of magic mapping
Potions
 e - a potion of ambrosia
 k - 4 potions of heal wounds
 l - 6 potions of curing
 q - 4 potions of agility
 s - a potion of might
 w - 2 potions of brilliance
 z - 6 potions of flight
 I - 3 potions of lignification
 N - a potion of cancellation
Books
 X - a manual of Axes
Comestibles
 f - 42 rations
 O - 11 chunks of flesh


   Skills:
 + Level 11.1(16.1) Fighting
 + Level 12.4(17.4) Short Blades
 + Level 0.3(7.1) Axes
   Level 3.5(8.5) Maces & Flails
 + Level 14.1(19.1) Bows
 + Level 1.0(6.0) Throwing
 + Level 7.4(12.4) Dodging
 + Level 2.2(7.2) Stealth
 + Level 5.6 Spellcasting
 + Level 7.3 Hexes
 + Level 1.0 Necromancy
 + Level 4.7 Translocations
 + Level 4.6 Invocations


You had 9 spell levels left.
You knew the following spells:

 Your Spells              Type           Power        Failure   Level  Hunger
a - Corona                Hex            ####...      1%          1    None
b - Slow                  Hex            ####....     1%          2    None
c - Portal Projectile     Hex/Tloc       ####..       3%          3    ##.....
d - Cause Fear            Hex            ####......   6%          4    ####...
e - Inner Flame           Hex/Fire       ###.....     9%          3    ##.....
f - Sublimation of Blood  Necr           #.........   13%         2    None

Your spell library contained the following spells:

 Spells                   Type           Power        Failure   Level  Hunger
 Sting                    Conj/Pois      #...         13%         1    None
 Corpse Rot               Necr           N/A          13%         2    None
 Poisonous Vapours        Pois/Air       #.....       19%         2    None
 Leda's Liquefaction      Hex/Erth       ###.......   28%         4    ####...
 Conjure Flame            Conj/Fire      #.......     36%         3    ##.....
 Mephitic Cloud           Conj/Pois/Air  #.......     36%         3    ##.....
 Olgreb's Toxic Radiance  Pois           #.......     77%         4    ####...
 Agony                    Necr           #.......     93%         5    #####..
 Dispel Undead            Necr           #.......     93%         5    #####..
 Bolt of Draining         Conj/Necr      #.........   96%         5    #####..
 Excruciating Wounds      Chrm/Necr      #.........   96%         5    #####..
 Venom Bolt               Conj/Pois      #.........   98%         5    #####..
 Freezing Cloud           Conj/Ice/Air   #.........   100%        6    #######
 Ring of Flames           Chrm/Fire      #.........   100%        7    #######


Dungeon Overview and Level Annotations

Branches:
Dungeon (12/15)            Temple (0/1) D:4            Lair (6/6) D:9
  Swamp (0/4) Lair:4        Snake (0/4) Lair:3        Slime (0/5) Lair:6
    Orc (2/2) D:12
    Elf: Orc:2

Altars:
Okawaru
Ru
Sif Muna
Wu Jian
Xom
Yredelemnul
Zin
Jiyva

Shops:
D:6 [   D:11 *   Orc:2 :

Portals:
Trove: D:11 (give 21 scrolls of identify)


Innate Abilities, Weirdness & Mutations

You have hooves in place of feet.
Armour fits poorly on your strangely shaped body.
You cover ground very quickly.
You have extremely tough skin. (AC +3)


Message History

Things that are here:
a great sword; a plate armour You hit the orc warrior but do no damage.
The orc warrior no longer looks unusually strong.
The orc warrior hits you with a halberd!!
You closely miss the orc warrior. You kick the orc warrior.
The orc warrior is lightly wounded.
The orc wizard mumbles some strange words.
The orc wizard blinks!
You hit the orc warrior but do no damage.
The orc warrior is lightly wounded.
The orc sorcerer no longer looks unusually strong.
The orc warrior hits you with a halberd!!
* * * LOW HITPOINT WARNING * * *
There is a stone staircase leading up, spattered with blood here.
The orc wizard no longer looks unusually strong.
The orc warrior hits you from afar with a halberd!!
* * * LOW HITPOINT WARNING * * *
The orc warrior hits you with an enchanted mace!
You die...

..... ...... ......
## ..#.#.### ## ...
#....#.###.##..
#......#.......
#...#....#...
#).)........
##@o3...#.. ###o.###
##)#.#..........
#..{oo...........
......o...o........
##.#.##.............
# ## ##(..........
#..$.......$.
.....(..$....


You could see a sixfirhy, an orc sorcerer, 2 orc warriors and an orc.

Vanquished Creatures
  Rupert (Lair:5)
  A stone giant (Orc:1)
  The ghost of ThyNameIsHubris the Carver, a journeyman DsGl of Makhleb (Lair:6)
  A crystal guardian (D:12)
  9 hydras
  3 death yaks (Lair:6)
  A tengu warrior (D:12)
  A two-headed ogre (D:8)
  An unseen horror (D:11)
  Pikel (D:7)
  An orc knight (Orc:2)
  2 ugly things
  An orc sorcerer (Orc:1)
  9 black mambas
  2 gargoyles
  2 rime drakes
  A centaur skeleton (D:12)
  21 spiny frogs
  8 komodo dragons
  4 trolls
  4 hornets
  A polar bear (Lair:4)
  22 blink frogs
  3 slime creatures (D:12)
  4 tyrant leeches (Lair:6)
  Prince Ribbit (D:8)
  11 hippogriffs
  4 dream sheep (Lair:6)
  A spectral black mamba (Lair:6)
  A spriggan (Lair:6)
  A wyvern (D:10)
  45 yaks
  A tarantella (shapeshifter) (D:12)
  2 vampires
  5 basilisks
  4 hogs (D:8)
  Grum (D:8)
  A human (D:8)
  A hungry ghost (D:11)
  2 death yak simulacra (Lair:6)
  6 vampire mosquitoes (Lair:6)
  2 wargs
  Duvessa (D:6)
  17 water moccasins
  13 porcupines
  A hornet zombie (D:9)
  12 orc warriors
  3 sky beasts
  A slave (D:7)
  A swamp drake (Lair:4)
  A black bear (D:6)
  An eye of draining (D:11)
  5 ice beasts
  7 ogres
  A necrophage (D:11)
  2 phantoms
  30 wolves
  4 centaurs (D:11)
  6 crocodiles
  A big kobold (D:12)
  36 bullfrogs
  A water moccasin zombie (D:8)
  A spiny frog simulacrum (Lair:6)
  Dowan (D:6)
  A water moccasin skeleton (D:7)
  4 killer bees (D:10)
  4 scorpions
  A dream sheep simulacrum (Lair:6)
  2 electric eels
  12 wights
  6 crimson imps
  A bullfrog zombie (D:5)
  3 centaur zombies
  2 komodo dragon simulacra (Lair:6)
  4 jellies
  8 orc priests
  7 hounds
  A bullfrog skeleton (D:4)
  4 iguanas
  14 orc wizards
  10 worker ants
  A killer bee zombie (D:8)
  2 hound skeletons
  A worker ant zombie (D:11)
  4 gnolls
  16 adders
  5 shadow imps
  An ooze (D:1)
  An adder skeleton (D:4)
  7 worms
  A dart slug (D:3)
  2 leopard geckos
  59 orcs
  14 bats
  6 giant cockroaches
  7 goblins
  3 hobgoblins
  18 jackals
  11 kobolds
  8 quokkas
  4 ball pythons
  9 frilled lizards
  A leopard gecko skeleton (D:3)
  2 quokka skeletons
  A quokka zombie (D:10)
  8 rats
  A fungus (Lair:5)
  2 plants
619 creatures vanquished.

Vanquished Creatures (others)
  2 bushes
  6 fungi (Lair:6)
  44 plants
52 creatures vanquished.

Grand Total: 671 creatures vanquished

Notes
Turn   | Place    | Note
-------+----------+-------------------------------------------
     0 | D:1      | dvd the Centaur Arcane Marksman began the quest for the
                  | Orb.
     0 | D:1      | Reached XP level 1. HP: 16/16 MP: 2/2
    32 | D:1      | Reached skill level 3 in Bows
    53 | D:1      | Reached XP level 2. HP: 5/23 MP: 1/3
  1310 | D:1      | Reached XP level 3. HP: 28/28 MP: 4/4
  1438 | D:2      | Learned a level 2 spell: Slow
  1556 | D:2      | Reached skill level 4 in Bows
  2099 | D:2      | Reached XP level 4. HP: 35/35 MP: 3/5
  2376 | D:2      | Found an iron altar of Okawaru.
  2380 | D:2      | Became a worshipper of Warmaster Okawaru
  2875 | D:3      | Reached skill level 5 in Bows
  3167 | D:2      | Reached XP level 5. HP: 40/40 MP: 6/6
  3602 | D:4      | Noticed a water moccasin
  3645 | D:3      | HP: 1/41 [water moccasin (8)]
  3665 | D:3      | Noticed a phantom
  4099 | D:4      | Reached skill level 1 in Maces & Flails
  4282 | D:4      | Reached XP level 6. HP: 44/48 MP: 7/7
  4337 | D:4      | Found a staircase to the Ecumenical Temple.
  4724 | D:5      | Entered Level 5 of the Dungeon
  4868 | D:5      | Reached * piety under Okawaru
  5004 | D:5      | Reached XP level 7. HP: 24/56 MP: 9/9
  5159 | D:5      | Got an iridescent rapier
  5160 | D:5      | Identified the +7 rapier of Uzorr {pierce, rElec rC+} (You
                  | found it on level 5 of the Dungeon)
  5311 | D:5      | Reached skill level 6 in Bows
  5343 | D:5      | Reached skill level 1 in Short Blades
  5569 | D:5      | Got a slimy scale mail
  5580 | D:5      | Identified the +1 scale mail of Ashenzari {MR+} (You found
                  | it on level 5 of the Dungeon)
  5606 | D:5      | Learned a level 3 spell: Portal Projectile
  6065 | D:6      | Reached XP level 8. HP: 59/63 MP: 10/10
  6073 | D:6      | Reached ** piety under Okawaru
  6073 | D:6      | Reached skill level 7 in Bows
  6154 | D:6      | Noticed Duvessa
  6155 | D:6      | Noticed Dowan
  6167 | D:6      | Killed Duvessa
  6167 | D:6      | Reached skill level 1 in Translocations
  6177 | D:6      | Killed Dowan
  6662 | D:6      | Found Igygg's Antique Armour Shoppe.
  6677 | D:6      | Bought a transparent robe for 171 gold pieces
  6687 | D:6      | Identified the +1 robe of the Harp {MR+ Regen+} (You bought
                  | it in a shop on level 6 of the Dungeon)
  7082 | D:7      | Reached XP level 9. HP: 60/71 MP: 11/13
  7085 | D:7      | Reached *** piety under Okawaru
  7192 | D:7      | Found an ornate altar of the Wu Jian Council.
  7194 | D:7      | Found a sacrificial altar of Ru.
  7194 | D:7      | Found a glowing silver altar of Zin.
  7195 | D:7      | Found a deep blue altar of Sif Muna.
  7206 | D:7      | Reached skill level 5 in Hexes
  7297 | D:7      | Received a gift from Okawaru
  7438 | D:7      | Noticed Pikel
  7457 | D:7      | Killed Pikel
  7672 | D:8      | Reached skill level 5 in Short Blades
  7684 | D:8      | Received a gift from Okawaru
  7804 | D:8      | Noticed Prince Ribbit
  7821 | D:8      | Reached XP level 10. HP: 62/80 MP: 3/16
  7836 | D:8      | Killed Prince Ribbit
  7836 | D:8      | Reached skill level 8 in Bows
  7890 | D:8      | Found a shimmering altar of Xom.
  7907 | D:8      | Reached skill level 5 in Fighting
  8046 | D:8      | Noticed Grum
  8047 | D:8      | Reached skill level 1 in Invocations
  8054 | D:8      | Killed Grum
  8144 | D:8      | Reached **** piety under Okawaru
  8243 | D:8      | Noticed a two-headed ogre
  8281 | D:8      | Killed a two-headed ogre
  8976 | D:9      | Reached skill level 9 in Bows
  9219 | D:9      | Learned a level 4 spell: Cause Fear
  9223 | D:9      | Learned a level 3 spell: Inner Flame
  9758 | D:9      | Found a staircase to the Lair.
  9770 | D:9      | Reached XP level 11. HP: 59/89 MP: 15/17
  9917 | D:10     | Entered Level 10 of the Dungeon
 10324 | D:10     | Received a gift from Okawaru
 10617 | D:10     | Received a gift from Okawaru
 11313 | D:11     | Reached skill level 10 in Bows
 11363 | D:11     | Reached skill level 1 in Stealth
 11568 | D:11     | Reached ***** piety under Okawaru
 11827 | D:11     | Noticed a brown ugly thing
 11854 | D:11     | Killed a brown ugly thing
 11862 | D:11     | Found Honut's General Store.
 11972 | D:11     | Received a gift from Okawaru
 12114 | D:11     | Killed an unseen horror
 12123 | D:11     | Received a gift from Okawaru
 12288 | D:11     | Got a smoking ivory ring
 12289 | D:11     | Identified the ring of Music {Int+5 Dex+3 Stlth-} (You
                  | found it on level 11 of the Dungeon)
 12512 | D:11     | Found a portal to a secret trove of treasure.
 12697 | Lair:1   | Entered Level 1 of the Lair of Beasts
 12776 | Lair:1   | Reached skill level 11 in Bows
 12780 | Lair:1   | Reached XP level 12. HP: 81/101 MP: 19/19
 12849 | Lair:1   | Reached skill level 5 in Dodging
 13016 | Lair:1   | Received a gift from Okawaru
 14748 | Lair:3   | Noticed a four-headed hydra
 14777 | Lair:3   | Killed a four-headed hydra
 14993 | Lair:3   | Found a staircase to the Snake Pit.
 15091 | Lair:3   | Got a translucent scale mail
 15108 | Lair:3   | Identified the +6 scale mail of Rotation {rC+ Regen+} (You
                  | found it on level 3 of the Lair of Beasts)
 15328 | Lair:3   | Noticed an eight-headed hydra
 15559 | Lair:2   | Killed an eight-headed hydra
 15559 | Lair:2   | Reached skill level 12 in Bows
 15743 | Lair:3   | Noticed a five-headed hydra
 15775 | Lair:3   | Killed a five-headed hydra
 15775 | Lair:3   | Reached skill level 5 in Spellcasting
 16522 | Lair:4   | Noticed a four-headed hydra
 16636 | Lair:4   | Killed a four-headed hydra
 16636 | Lair:4   | Received a gift from Okawaru
 16963 | Lair:4   | Reached XP level 13. HP: 111/111 MP: 20/20
 16979 | Lair:4   | Found a staircase to the Swamp.
 17048 | Lair:4   | Learned a level 2 spell: Sublimation of Blood
 17107 | Lair:4   | Reached skill level 13 in Bows
 17404 | Lair:5   | Noticed Rupert
 17441 | Lair:5   | Killed Rupert
 17441 | Lair:5   | Reached skill level 10 in Short Blades
 18139 | Lair:5   | Found the +8 whip "Snakebite" {curare, rPois}
 18817 | Lair:6   | Entered Level 6 of the Lair of Beasts
 18851 | Lair:6   | Found an ornate altar of the Wu Jian Council.
 19146 | Lair:6   | Received a gift from Okawaru
 19248 | Lair:6   | Reached skill level 10 in Fighting
 19386 | Lair:6   | Received a gift from Okawaru
 19408 | Lair:6   | Reached skill level 1 in Necromancy
 19661 | Lair:5   | Reached skill level 1 in Throwing
 19878 | Lair:6   | Found a runed gate.
 19891 | Lair:6   | Found a runed gate.
 19891 | Lair:6   | Found a runed gate.
 19927 | Lair:6   | Reached XP level 14. HP: 107/121 MP: 1/22
 19948 | Lair:6   | Noticed ThyNameIsHubris's ghost (journeyman DsGl)
 20119 | Lair:6   | Killed ThyNameIsHubris's ghost
 20585 | Lair:6   | Found a viscous altar of Jiyva.
 20585 | Lair:6   | Found a staircase to the Slime Pits.
 20928 | Lair:6   | Reached skill level 14 in Bows
 21125 | Lair:6   | Got a faintly glowing robe
 21136 | Lair:6   | Identified the cursed +0 robe of the Yeti {rElec rCorr
                  | Str-4 Stlth+} (You found it on level 6 of the Lair of
                  | Beasts)
 21255 | Lair:6   | Received a gift from Okawaru
 22049 | D:12     | Found a glowing silver altar of Zin.
 22068 | D:12     | Found a basalt altar of Yredelemnul.
 22093 | D:12     | Received a gift from Okawaru
 22187 | D:12     | Found a staircase to the Orcish Mines.
 22365 | D:12     | Got a warped spear
 22731 | Orc:1    | Entered Level 1 of the Orcish Mines
 23120 | Orc:2    | Entered Level 2 of the Orcish Mines
 23120 | Orc:2    | Found Fuil's Book Shoppe.
 23153 | Orc:2    | Noticed a stone giant
 23180 | Orc:1    | Killed a stone giant
 23246 | Orc:2    | HP: 5/124 [orc warrior/halberd (32)]
 23246 | Orc:2    | Mangled by an orc warrior

Skill      XL: |  1  2  3  4  5  6  7  8  9 10 11 12 13 14 |
---------------+-------------------------------------------+-----
Bows           | 3 4 5 6 7 9 11 12 13 14 | 14.1
Hexes          | 3 4 5 6 7 |  7.3
Dodging        | 2 3 4 5 6 7 |  7.4
Maces & Flails | 2 3 |  3.5
Fighting       | 2 3 4 6 7 9 10 11 | 11.1
Short Blades   | 2 4 5 6 8 9 11 12 | 12.4
Spellcasting   | 2 4 5 |  5.6
Translocations | 2 3 4 |  4.7
Invocations    | 2 3 4 |  4.6
Stealth        | 1 2 |  2.2
Necromancy     | 1 |  1.0
Throwing       | 1 |  1.0
Axes           | |  0.3

Action                   |  1- 3 |  4- 6 |  7- 9 | 10-12 | 13-15 || total
-------------------------+-------+-------+-------+-------+-------++-------
Melee: Hand axe          |    51 |    28 |       |       |       ||    79
       Unarmed           |     9 |       |       |       |       ||     9
       Kick              |     5 |    43 |    40 |   180 |   316 ||   584
       Flail             |       |   156 |    10 |       |       ||   166
       Rapier            |       |       |   229 |   705 |   947 ||  1881
       Punch             |       |       |     2 |     9 |    11 ||    22
 Fire: Shortbow          |    82 |    61 |    94 |   504 |   237 ||   978
Throw: Tomahawk          |       |       |       |     2 |     5 ||     7
 Cast: Corona            |    18 |     5 |     1 |     1 |       ||    25
       Slow              |     2 |     7 |       |     2 |     2 ||    13
       Portal Projectile |       |       |     7 |    28 |    15 ||    50
       Cause Fear        |       |       |       |     1 |     2 ||     3
       Sublimation of Bl |       |       |       |       |     4 ||     4
Invok: Heroism           |       |       |     7 |    42 |    38 ||    87
       Finesse           |       |       |       |       |     2 ||     2
Evoke: Wand              |       |       |       |       |     2 ||     2
  Use: Potion            |       |     5 |     3 |     7 |     2 ||    17
       Scroll            |       |     2 |     9 |     6 |     8 ||    25
  Eat: Chunk             |     3 |     9 |     8 |    26 |    20 ||    66
Armor: Robe              |    38 |    92 |   111 |   267 |   291 ||   799
       Skin              |       |       |       |       |     2 ||     2
Dodge: Dodged            |    51 |   120 |   140 |   376 |   446 ||  1133
